 Dungeon Crawl Stone Soup version 0.27-a0-1290-g15d3ce7508 (webtiles) character file.

Game seed: 8371039780988645386

306 GordonOverkill the Skirmisher (level 6, -2/46 HPs)
             Began as a Djinni Hedge Wizard on June 15, 2021.
             Was a Believer of Okawaru.
             Slain by an orc (6 damage)
             ... on level 4 of the Dungeon.
             The game lasted 00:09:51 (6277 turns).

GordonOverkill the Skirmisher (Djinni Hedge Wizard) Turns: 6277, Time: 00:09:51

Health: -2/46      AC:  2    Str: 11    XL:     6   Next: 67%
Gold:   120        EV: 12    Int: 16    God:    Okawaru [**....] SH:  0 Dex: 12

rFire    + + .     SeeInvis .   a - +0 dagger
rCold    x . .     Faith    .   (no shield)
rNeg     . . .     Spirit   .   b - +0 robe
rPois    ∞         Reflect  .   c - +0 hat
rElec    .         Harm     .   (no cloak)
rCorr    .         Rampage  .   (no gloves)
Will     .....                  (boots unavailable)
Stlth    ++........             (no amulet)
HPRegen  0.15/turn              (no ring)
MPRegen  0.00/turn              (no ring)

@: flying
A: sickness immunity, fire resistance 2, cold vulnerability 1, float, innate
caster, hp casting, extra vitality 1
a: Renounce Religion, Heroism


You were on level 4 of the Dungeon.
You worshipped Okawaru.
Okawaru was pleased with you.
You visited 1 branch of the dungeon, and saw 4 of its levels.

You collected 140 gold pieces.
You spent 20 gold pieces at shops.

Inventory:

Hand Weapons
 a - a +0 dagger (weapon)
Missiles
 h - a throwing net
 n - 9 poisoned darts
Armour
 b - a +0 robe (worn)
 c - a +0 hat (worn)
 f - a +0 ring mail
Jewellery
 g - an amulet of guardian spirit
Wands
 t - a wand of acid (4)
Scrolls
 i - a scroll of teleportation {unknown}
 j - a scroll of fog {unknown}
 k - a scroll of enchant armour {unknown}
 l - a scroll of brand weapon {unknown}
 m - a scroll of amnesia {unknown}
 o - a scroll of vulnerability {unknown}
 p - a scroll of fear {unknown}
 q - a scroll of immolation {unknown}
Potions
 d - 2 potions of attraction
 e - a potion of brilliance
 r - a potion of might
 s - a potion of magic {unknown}
 u - a potion of ambrosia {unknown}
 v - a potion of curing {unknown}
 w - a potion of cancellation {unknown}


   Skills:
 * Level 3.4 Fighting
 + Level 2.0 Short Blades
 + Level 1.3 Throwing
 - Level 3.0 Dodging
 - Level 2.0 Stealth
 - Level 2.4 Spellcasting
 - Level 2.0 Invocations
 + Level 1.5 Evocations


You couldn't memorise any spells.
You knew the following spells:

 Your Spells              Type           Power      Damage    Failure   Level
a - Magic Dart            Conj           36%        1d4       8%          1
b - Blink                 Tloc           N/A        N/A       11%         2
c - Call Imp              Summ           9%         N/A       11%         2
d - Slow                  Hex            9%         N/A       11%         2
e - Conjure Flame         Conj/Fire      9%         6-21      22%         3
f - Mephitic Cloud        Conj/Pois/Air  9%         N/A       22%         3
g - Freeze                Ice            36%        1d6       8%          1
h - Searing Ray           Conj           18%        3d3       11%         2
Your spell library was empty.

Dungeon Overview and Level Annotations

Branches:
Dungeon (4/15)
 Temple: D:4-7

Altars:
Okawaru

Shops:
D:2 *


Innate Abilities, Weirdness & Mutations

You are immune to sickness and miasma.
You are immune to poison.
Your flesh is very heat resistant. (rF++)
You are vulnerable to cold. (rC-)
You float through the air rather than walking.
You learn spells naturally, not from books.
Your magical power is your life essence.
You have superior vitality. (+4 HP)


Message History

The magic dart hits the orc but does no damage.
The orc is lightly wounded.
* * * LOW HITPOINT WARNING * * *
You feel a little less mighty now.
Casting: Magic Dart (safe; 8% risk of failure)
Confirm with . or Enter, or press ? or * to list all spells.
Aiming: Magic Dart (safe; 8% risk of failure)
Press: ? - help, Shift-Dir - straight line, f/p - orc
Aim: an orc, wielding a +0 short sword and wearing a +0 ring mail (lightly wounded, 100% to hit)
The magic dart hits the orc but does no damage.
The orc is lightly wounded.
* * * LOW HITPOINT WARNING * * *
Casting: Magic Dart (safe; 8% risk of failure)
Confirm with . or Enter, or press ? or * to list all spells.
Aiming: Magic Dart (safe; 8% risk of failure)
Press: ? - help, Shift-Dir - straight line, f/p - orc
Aim: an orc, wielding a +0 short sword and wearing a +0 ring mail (lightly wounded, 100% to hit)
The magic dart hits the orc.
The orc is heavily wounded.
* * * LOW HITPOINT WARNING * * *
Casting: Magic Dart (safe; 8% risk of failure)
Confirm with . or Enter, or press ? or * to list all spells.
Aiming: Magic Dart (safe; 8% risk of failure)
Press: ? - help, Shift-Dir - straight line, f/p - orc
Aim: an orc, wielding a +0 short sword and wearing a +0 ring mail (heavily wounded, 100% to hit)
The magic dart hits the orc but does no damage.
The orc is heavily wounded.
* * * LOW HITPOINT WARNING * * *
Casting: Magic Dart (safe; 8% risk of failure)
Confirm with . or Enter, or press ? or * to list all spells.
Aiming: Magic Dart (safe; 8% risk of failure)
Press: ? - help, Shift-Dir - straight line, f/p - orc
Aim: an orc, wielding a +0 short sword and wearing a +0 ring mail (heavily wounded, 100% to hit)
The magic dart hits the orc but does no damage.
The orc is heavily wounded.
* * * LOW HITPOINT WARNING * * *
The orc hits you with a +0 short sword.
* * * LOW HITPOINT WARNING * * *
The orc hits you with a +0 short sword.
You die...

#.#####.# #.# #.#
#.# #.# #.# #.# #.#
#.######## #.#
#........# #.#
#######.## #.# #.#
#.###### #@#
#......# #o#
#########.# #.#
#<........# #.#
################.##
).................#
###################


You could see an orc.

Vanquished Creatures
  Grinder (D:3)
  An orc priest (D:4)
  3 adders
  2 worms (D:2)
  2 orcs
  5 ball pythons
  2 bats (D:3)
  5 endoplasms
  2 giant cockroaches
  2 goblins (D:2)
  2 hobgoblins
  6 jackals
  10 kobolds
  A quokka (D:2)
  4 frilled lizards
  5 rats
53 creatures vanquished.

Vanquished Creatures (collateral kills)
  A worm (D:3)
  A dart slug (D:3)
  A goblin (D:3)
3 creatures vanquished.

Vanquished Creatures (others)
  A plant (D:1)
1 creature vanquished.

Grand Total: 57 creatures vanquished

Notes
Turn   | Place    | Note
-------+----------+-------------------------------------------
     0 | D:1      | GordonOverkill the Djinni Hedge Wizard began the quest for
                  | the Orb.
     0 | D:1      | Reached XP level 1. HP: 15/15 MP: 0/0
   359 | D:1      | Found a faded altar of an unknown god.
   378 | D:1      | Became a worshipper of Warmaster Okawaru
   378 | D:1      | Reached * piety under Okawaru
   468 | D:2      | Reached skill level 1 in Fighting
   468 | D:2      | Reached XP level 2. HP: 16/22 MP: 0/0
  1144 | D:1      | Reached XP level 3. HP: 13/27 MP: 0/0
  1144 | D:1      | Learned a level 1 spell: Freeze
  2553 | D:2      | Reached skill level 1 in Invocations
  2774 | D:2      | Noticed an ogre
  3172 | D:2      | Found Xivimimm's General Store.
  3180 | D:2      | Bought a scroll of identify for 20 gold pieces
  3568 | D:2      | Reached XP level 4. HP: 27/33 MP: 0/0
  4060 | D:2      | Reached skill level 1 in Short Blades
  4280 | D:2      | Found Xivimimm's General Store.
  5712 | D:3      | Noticed Grinder
  5715 | D:3      | Killed Grinder
  5715 | D:3      | Reached ** piety under Okawaru
  5716 | D:3      | Reached skill level 1 in Throwing
  5716 | D:3      | Reached skill level 1 in Evocations
  5716 | D:3      | Reached XP level 5. HP: 40/40 MP: 0/0
  5716 | D:3      | Learned a level 2 spell: Searing Ray
  5716 | D:3      | Reached XP level 6. HP: 46/46 MP: 0/0
  6269 | D:4      | HP: 2/46 [orc (6)]
  6277 | D:4      | Slain by an orc

Illustrated notes

Levels and vault maps discovered:
D:1:      ncdulo_smallfort, layout_basic, hellmonk_ecumenical_altar_zigzags,
          serial_forest, infiniplex_forest_clump_small,
          infiniplex_forest_lined_room_2, infiniplex_forest_lined_corner,
          infiniplex_forest_diagonal, infiniplex_forest_lined_2,
          infiniplex_forest_clump_tiny, minmay_misc_feat_x,
          hangedman_decor_growths, grunt_decor_one_mirror, due_unseen_surprise
D:2:      layout_basic, serial_shops, nicolae_shop_crystal
D:3:      layout_basic, minmay_fractal_squares_gapless_5, uniq_grinder
D:4:      layout_basic, nicolae_overflow_crystal_walls,
          minmay_temple_entry_hall, due_unseen_surprise

Skill      XL: |  1  2  3  4  5  6 |
---------------+-------------------+-----
Fighting       | 1 3 |  3.4
Stealth        | 2 |  2.0
Invocations    | 1 2 |  2.0
Short Blades   | 1 2 |  2.0
Throwing       | 1 |  1.3
Dodging        | 3 |  3.0
Evocations     | 1 |  1.5
Spellcasting   | |  2.4

Action                   |  1- 3 |  4- 6 || total
-------------------------+-------+-------++-------
Melee: Dagger            |    18 |    19 ||    37
 Cast: Magic Dart        |   122 |    48 ||   170
       Blink             |     3 |       ||     3
       Call Imp          |     1 |     4 ||     5
Invok: Heroism           |     4 |     1 ||     5
Evoke: Wand              |       |     3 ||     3
  Use: Scroll            |     3 |       ||     3
       Potion            |       |     2 ||     2
 Stab: Sleeping          |     1 |       ||     1
       Distracted        |     1 |       ||     1
Armor: Robe              |     4 |     6 ||    10
Dodge: Dodged            |    30 |    24 ||    54

Table legend: (Time is in decaauts)
 A = Elapsed time spent in this place.
 B = Non-inter-level travel time spent in this place.
 C = Inter-level travel time spent in this place.
 D = Time resting spent in this place.
 E = Time spent auto-exploring this place.
 F = Levels seen in this place.
 G = Mean time per level.
                   A        B        C        D        E       F      G
               +--------+--------+--------+--------+--------+-----+--------+
         Total |   6270 |   6112 |    158 |   1863 |   3373 |   4 | 1567.5 |
       Dungeon |   6270 |   6112 |    158 |   1863 |   3373 |   4 | 1567.5 |
               +--------+--------+--------+--------+--------+-----+--------+

Top non-repeatable levels by time:
     D:2: 3250 daAuts
     D:1: 1755 daAuts
     D:3: 992 daAuts
     D:4: 272 daAuts
